 Dungeon Crawl Stone Soup version 0.31-a0-1009-g454b1f1e0a (webtiles) character file.

Game seed: 2217493107090951857

(classic levelgen) 2011 Amnesiac the Thaumaturge (level 9, -1/55 HPs)
             Began as a Djinni Conjurer on Nov 13, 2023.
             Was a Believer of Jiyva (penitent).
             Slain by a jelly (3 damage)
             ... on level 7 of the Dungeon.
             The game lasted 00:12:06 (5755 turns).

Amnesiac the Thaumaturge (Djinni Conjurer)          Turns: 5755, Time: 00:12:06

Health: -1/55      AC:  3    Str:  6    XL:     9   Next: 46%
Gold:   131        EV: 12    Int: 23    God:    Jiyva [**....] SH:  0 Dex: 13

rFire   + + .        n - +2 whip (drain)
rCold   + . .        (no shield)
rNeg    . . .        a - +0 robe
rPois   ∞            (no helmet)
rElec   .            (no cloak)
rCorr   .            b - +0 pair of gloves
SInv    .            (boots unavailable)
Will    .....        (no amulet)
Stlth   ++           h - ring of protection from cold
HPRegen 0.29/turn    l - ring of protection from cold
MPRegen 0.00/turn

%: infuse magic (-2 HP)
@: flying
A: sickness immunity, fire resistance 2, cold vulnerability 1, float, innate
caster, HP casting, extra vitality 1
a: Renounce Religion


You were on level 7 of the Dungeon.
You worshipped Jiyva.
Jiyva was demanding penance.
You visited 2 branches of the dungeon, and saw 8 of its levels.

You collected 272 gold pieces.
You spent 141 gold pieces at shops.

Inventory:

Hand Weapons
 n - a +2 whip of draining (weapon)
 p - a +1 dagger of venom
 t - the +5 spear "Ywomut" {spect, Fragile rC++ Int+3 SInv}
   (You took it off an orc on level 3 of the Dungeon)

   Int+3:     It affects your intelligence (+3).
   rC++:      It greatly protects you from cold.
   SInv:      It lets you see invisible.
   Fragile:   It will be destroyed if unequipped.
 D - a +1 dagger of distortion
Armour
 a - a +0 robe (worn)
 b - a +0 pair of gloves (worn)
 c - an orb of light
 w - a +0 helmet
Jewellery
 h - a ring of protection from cold (left hand)
 l - a ring of protection from cold (right hand)
 o - a ring of resist corrosion
Wands
 i - a wand of paralysis (3)
 y - a wand of iceblast (11)
 C - a wand of mindburst (15)
Scrolls
 d - a scroll of immolation {!r, unknown}
 e - 7 scrolls of identify {!r}
 f - a scroll of summoning {!r, unknown}
 g - 2 scrolls of teleportation {!r}
 j - 2 scrolls of fog {!r, unknown}
 k - a scroll of revelation {!r, unknown}
 r - 3 scrolls of blinking {!r}
 u - a scroll of vulnerability {!r, unknown}
 x - a scroll of enchant armour {!r, unknown}
 A - a scroll of fear {!r, unknown}
Potions
 m - a potion of curing {!q, unknown}
 q - a potion of attraction {!q, unknown}
 s - a potion of degeneration {!q, unknown}
 v - a potion of haste {!q, unknown}
 z - a potion of magic {!q, unknown}
 B - a potion of enlightenment {!q, unknown}


   Skills:
 - Level 2.1 Dodging
 - Level 1.5 Stealth
 + Level 9.5 Spellcasting
 + Level 9.5 Conjurations
 + Level 9.5 Hexes
   Level 0.0 Charms
 + Level 9.5 Summonings
 + Level 9.5 Necromancy
 + Level 9.5 Translocations
 + Level 9.5 Transmutations
 + Level 9.5 Fire Magic
 + Level 9.5 Ice Magic
 + Level 9.5 Air Magic
 + Level 9.5 Earth Magic
 + Level 9.5 Poison Magic


You knew the following spells:

 Your Spells              Type           Power      Damage    Failure   Level
a - Magic Dart            Conj           100%       1d8       1%          1
b - Iskenderun's Mystic   Conj/Tloc      53%        2d11      1%          4
c - Fulminant Prism       Conj/Hex       26%        3d13      1%          4
d - Dazzling Flash        Conj/Hex       100%       N/A       1%          3
e - Searing Ray           Conj           100%       2d8       1%          2
f - Summon Small Mammal   Summ           100%       N/A       1%          1
g - Scorch                Fire           100%       2d9       1%          2
h - Summon Guardian Gole  Hex/Summ       53%        N/A       1%          3
i - Gell's Gravitas       Tloc           53%        N/A       1%          3
Your spell library was empty.

Dungeon Overview and Level Annotations

Branches:
Dungeon (7/15)             Temple (1/1) D:6

Altars:
Ashenzari
Cheibriados
Dithmenos
Elyvilon
Fedhas
Gozag
Hepliaklqana
Makhleb
Nemelex Xobeh
Qazlal
Ru
Trog
Uskayaw
Wu Jian
Xom
Yredelemnul
The Shining One
Jiyva
Lugonu

Shops:
D:6 ?*?[(

Portals:
Abyss: D:6


Innate Abilities, Weirdness & Mutations

You are immune to sickness and miasma.
You are immune to poison.
Your flesh is very heat resistant. (rF++)
You are vulnerable to cold. (rC-)
You float through the air rather than walking.
You learn spells naturally, not from books.
Your magical power is your life essence.
You have superior vitality. (+4 MHP)


Message History

* * * LOW HITPOINT WARNING * * *
Your Spellcasting skill increases to level 9!
Your Conjurations skill increases to level 9!
Your Hexes skill increases to level 9!
Your Summonings skill increases to level 9!
Your Necromancy skill increases to level 9!
Your Translocations skill increases to level 9!
Your Transmutations skill increases to level 9!
Your Fire Magic skill increases to level 9!
Your Ice Magic skill increases to level 9!
Your Air Magic skill increases to level 9!
Your Earth Magic skill increases to level 9!
Your Poison Magic skill increases to level 9!
You cannot move away from Maggie!
Casting: Iskenderun's Mystic Blast (dangerous; 1% risk of failure)
Confirm with . or Enter, or press ? or * to list all spells.
Okay, then.
Unknown command.
Okay, then.
Unknown command.
Okay, then.
Casting: Iskenderun's Mystic Blast (dangerous; 1% risk of failure)
Confirm with . or Enter, or press ? or * to list all spells.
Okay, then.
Unknown command.
Unknown command.
Casting: Iskenderun's Mystic Blast (dangerous; 1% risk of failure)
Confirm with . or Enter, or press ? or * to list all spells.
Aiming: Searing Ray (safe; 1% risk of failure)
Press: ? - help, Shift-Dir - straight line, f/p - Maggie
Aim: Maggie, wielding a +2 broad axe of flaming, wearing +0 steam dragon scales and carrying a wand of paralysis (severely wounded, mesmerising, 83% to hit)
The searing ray misses Maggie. (Press . to maintain the ray.)
* * * LOW HITPOINT WARNING * * *
You hear a slurping noise.
The searing ray hits Maggie.
Maggie is severely wounded.
* * * LOW HITPOINT WARNING * * *
The jelly barely misses you.
The searing ray hits Maggie!
Maggie is severely wounded.
* * * LOW HITPOINT WARNING * * *
Maggie mumbles some strange words.
Maggie draws you further into her thrall.
The jelly closely misses you.
The searing ray hits Maggie.
Maggie is almost dead.
* * * LOW HITPOINT WARNING * * *
You finish channelling your searing ray.
Maggie zaps a wand.
You easily resist.
The jelly hits you but does no damage.
A sky beast comes into view.
Casting: Searing Ray (safe; 1% risk of failure)
Confirm with . or Enter, or press ? or * to list all spells.
Aiming: Searing Ray (safe; 1% risk of failure)
Press: ? - help, Shift-Dir - straight line, f/p - Maggie
Aim: Maggie, wielding a +2 broad axe of flaming, wearing +0 steam dragon scales and carrying a wand of paralysis (almost dead, mesmerising, 83% to hit)
The searing ray hits Maggie!
You break out of your daze!
You kill Maggie! (Press . to maintain the ray.)
* * * LOW HITPOINT WARNING * * *
The jelly barely misses you. The jelly attacks as it pursues you!
The jelly hits you.
You die...

..........
..........
.........########
#Y.......#.<...#
#....):.).).......
#/...)).).........
#...............##
#....)..)...=...#
##.....)@†.<.....#
.........J........#
.................##
...#.............
####......####...
#..###.# ... ....
#.# . ...#. #.# #..
..


You could see a sky beast and a jelly.

Vanquished Creatures
  Maggie (D:7)
  Duvessa (D:5)
  A sky beast (D:7)
  2 black bears
  An ice beast (D:5)
  An ogre (D:5)
  4 phantoms
  A kobold brigand (D:6)
  A scorpion (D:5)
  A bullfrog (D:6)
  5 wights (D:7)
  Dowan (D:5)
  2 orc priests
  A hound (D:5)
  An iguana (D:4)
  2 orc wizards
  6 gnolls
  6 adders
  A shadow imp (D:6)
  2 white imps
  3 ufetubi (D:5)
  A dart slug (D:1)
  16 orcs
  4 endoplasms
  A giant cockroach (D:2)
  4 hobgoblins
  3 jackals (D:5)
  7 kobolds
  3 quokkas
  5 ball pythons
  2 frilled lizards
  5 goblins
  A rat (D:3)
96 creatures vanquished.

Vanquished Creatures (others)
  An endoplasm (D:3)
1 creature vanquished.

Grand Total: 97 creatures vanquished

Notes
Turn   | Place    | Note
-------+----------+-------------------------------------------
     0 | D:1      | Amnesiac the Djinni Conjurer began the quest for the Orb.
     0 | D:1      | Amnesiac set off with the following spells memorised: Magic
                  | Dart, Searing Ray, Dazzling Flash, Fulminant Prism,
                  | Iskenderun's Mystic Blast.
     0 | D:1      | Reached XP level 1. HP: 15/15 MP: 0/0
   226 | D:1      | Reached XP level 2. HP: 3/21 MP: 0/0
   403 | D:3      | Reached XP level 3. HP: 23/25 MP: 0/0
   403 | D:3      | Learned a level 1 spell: Summon Small Mammal
   568 | D:3      | Found an ornate altar of the Wu Jian Council.
   673 | D:5      | Entered Level 5 of the Dungeon
   763 | D:4      | Found a shimmering altar of Xom.
   983 | D:5      | Noticed an ogre
   988 | D:5      | Killed an ogre
   989 | D:5      | Reached XP level 4. HP: 27/31 MP: 0/0
   989 | D:5      | Reached XP level 5. HP: 31/35 MP: 0/0
   989 | D:5      | Learned a level 2 spell: Scorch
  1022 | D:5      | Reached skill level 5 in Spellcasting
  1022 | D:5      | Reached skill level 5 in Conjurations
  1022 | D:5      | Reached skill level 5 in Hexes
  1022 | D:5      | Reached skill level 5 in Summonings
  1022 | D:5      | Reached skill level 5 in Necromancy
  1022 | D:5      | Reached skill level 5 in Translocations
  1022 | D:5      | Reached skill level 5 in Transmutations
  1022 | D:5      | Reached skill level 5 in Fire Magic
  1022 | D:5      | Reached skill level 5 in Ice Magic
  1022 | D:5      | Reached skill level 5 in Air Magic
  1022 | D:5      | Reached skill level 5 in Earth Magic
  1022 | D:5      | Reached skill level 5 in Poison Magic
  1140 | D:5      | Noticed Duvessa
  1142 | D:5      | Noticed Dowan
  1148 | D:5      | Killed Dowan
  1149 | D:5      | Reached XP level 6. HP: 21/40 MP: 0/0
  1155 | D:5      | Killed Duvessa
  1360 | D:6      | Found a one-way gate to the infinite horrors of the Abyss.
  1371 | D:6      | Found Vurcher's Antique Weapon Boutique.
  1376 | D:6      | Found a large runed translucent door.
  1376 | D:6      | Found a large runed translucent door.
  1378 | D:6      | Found a corrupted altar of Lugonu.
  1439 | D:5      | Noticed a black bear
  1450 | D:5      | Killed a black bear
  1451 | D:5      | Reached XP level 7. HP: 32/45 MP: 0/0
  1451 | D:5      | Learned a level 3 spell: Summon Guardian Golem
  1655 | D:5      | Found an opulent altar of Gozag.
  2391 | D:5      | Reached XP level 8. HP: 22/50 MP: 0/0
  3227 | D:6      | Found Doziploc's Antique Armour Emporium.
  3364 | D:6      | Found a staircase to the Ecumenical Temple.
  3374 | Temple   | Entered the Ecumenical Temple
  3378 | Temple   | Became a worshipper of Jiyva Jupnek the Shapeless
  3509 | D:1      | Found a faded altar of an unknown god.
  4084 | D:2      | Reached * piety under Jiyva
  4667 | D:3      | Reached ** piety under Jiyva
  4670 | D:3      | Identified the +5 spear "Ywomut" {spect, Fragile rC++ Int+3
                  | SInv}
  5005 | D:3      | Found a basalt altar of Yredelemnul.
  5214 | D:6      | Found Qaommis's Assorted Antiques.
  5266 | D:6      | Found Miur's Magic Scroll Emporium.
  5272 | D:6      | Bought a scroll of teleportation for 33 gold pieces
  5272 | D:6      | Bought a scroll of blinking for 82 gold pieces
  5484 | D:6      | Found Basuloenn's Magic Scroll Shoppe.
  5490 | D:6      | Bought a scroll of identify for 26 gold pieces
  5515 | D:6      | Found a sacrificial altar of Ru.
  5519 | D:6      | Found a broken altar of Ashenzari.
  5519 | D:6      | Found a stormy altar of Qazlal.
  5527 | D:6      | Found a hazy altar of Hepliaklqana.
  5530 | D:6      | Found a glowing golden altar of the Shining One.
  5730 | D:7      | Noticed Maggie
  5745 | D:7      | Reached XP level 9. HP: 31/55 MP: 0/0
  5745 | D:7      | Learned a level 3 spell: Gell's Gravitas
  5749 | D:7      | Was placed under penance by Jiyva
  5754 | D:7      | Killed Maggie
  5755 | D:7      | Slain by a jelly

Illustrated notes

Levels and vault maps discovered:
D:1:      saegor_arrival_miasma, layout_loops_ring,
          shapermc_ecumenical_altar_rom_forum, minmay_tromino_v4_a
D:2:      cheibrodos_pilgrimage, layout_loops_ring
D:3:      layout_loops_ring, mainiacjoe_overflow_catch_the_wave
D:4:      layout_cave_pods, mainiacjoe_overflow_chevrons,
          mainiacjoe_overflow_six_doors_small
D:5:      layout_basic, nicolae_gozag_seed_capital, kennysheep_generic_room_11,
          uniq_duvessa
D:6:      due_chaos_kobolds, layout_basic, minmay_overflow_temple_star_hex,
          temple_pool_b, serial_shops, shop, nicolae_shop_dealshenge,
          nicolae_shop_hallway_plus, shop, shop
D:7:      layout_rooms, mainiacjoe_overflow_cross_hatched, serial_shops, shop,
          minivault_11, uniq_maggie
Temple:   pf_slimified_temple

Skill      XL: |  1  2  3  4  5  6  7  8  9 |
---------------+----------------------------+-----
Spellcasting   | 4 5 6 7 8 9 |  9.5
Conjurations   | 4 5 6 7 8 9 |  9.5
Hexes          | 4 5 6 7 8 9 |  9.5
Summonings     | 4 5 6 7 8 9 |  9.5
Necromancy     | 4 5 6 7 8 9 |  9.5
Translocations | 4 5 6 7 8 9 |  9.5
Transmutations | 4 5 6 7 8 9 |  9.5
Fire Magic     | 4 5 6 7 8 9 |  9.5
Ice Magic      | 4 5 6 7 8 9 |  9.5
Air Magic      | 4 5 6 7 8 9 |  9.5
Earth Magic    | 4 5 6 7 8 9 |  9.5
Poison Magic   | 4 5 6 7 8 9 |  9.5
Dodging        | |  2.1
Stealth        | |  1.5

Action                     |  1- 3 |  4- 6 |  7- 9 || total
---------------------------+-------+-------+-------++-------
  Melee: Unarmed           |     1 |       |       ||     1
   Cast: Magic Dart        |    45 |       |    37 ||    82
         Searing Ray       |     1 |     4 |    35 ||    40
         Summon Small Mamm |     1 |       |       ||     1
         Iskenderun's Myst |       |     7 |    18 ||    25
 Armour: Robe              |     6 |    10 |    22 ||    38
  Dodge: Dodged            |     4 |     7 |    25 ||    36

Table legend: (Time is in decaauts)
 A = Elapsed time spent in this place.
 B = Non-inter-level travel time spent in this place.
 C = Inter-level travel time spent in this place.
 D = Time resting spent in this place.
 E = Time spent auto-exploring this place.
 F = Levels seen in this place.
 G = Mean time per level.
                   A        B        C        D        E       F      G
               +--------+--------+--------+--------+--------+-----+--------+
         Total |   5757 |   5325 |    432 |    719 |   3684 |   8 |  719.6 |
       Dungeon |   5748 |   5320 |    428 |    719 |   3684 |   7 |  821.1 |
        Temple |      8 |      4 |      4 |      0 |      0 |   1 |    8.0 |
               +--------+--------+--------+--------+--------+-----+--------+

Top non-repeatable levels by time:
     D:5: 1798 daAuts
     D:6: 904 daAuts
     D:4: 808 daAuts
     D:3: 789 daAuts
     D:1: 760 daAuts
     D:2: 662 daAuts
     D:7: 24 daAuts
  Temple: 8 daAuts
